 Dungeon Crawl Stone Soup version 0.27-a0-1321-gd358eaa319 (webtiles) character file.

Game seed: 15287974388631074433

1712 Delamore the Spear-Bearer (level 9, -1/68 HPs)
             Began as a Formicid Fighter on June 22, 2021.
             Was an Initiate of Gozag.
             Killed from afar by a steam dragon (10 damage)
             ... with a ball of steam
             ... on level 7 of the Dungeon.
             The game lasted 00:06:24 (7973 turns).

Delamore the Spear-Bearer (Formicid Fighter)        Turns: 7973, Time: 00:06:24

Health: -1/68      AC:  9    Str: 28    XL:     9   Next: 24%
Magic:  9/9        EV:  8    Int:  7    God:    Gozag
Gold:   398        SH: 10    Dex: 10    Spells: 8/8 levels left

rFire    . . .     SeeInvis +   a - +0 trident
rCold    . . .     Faith    .   c - +0 kite shield
rNeg     . . .     Spirit   .   b - +0 scale mail
rPois    .         Reflect  .   (helmet unavailable)
rElec    .         Harm     .   u - scarf {+Inv}
rCorr    .         Rampage  .   q - +0 pair of gloves {Str+3}
Will     .....                  n - +0 pair of boots
Stlth    ..........             (no amulet)
HPRegen  0.21/turn              (no ring)
MPRegen  0.11/turn              (no ring)

@: gold aura
A: permanent stasis, dig shafts and tunnels, antennae 3, four strong arms
a: Dig, Shaft Self, Renounce Religion, Evoke Invisibility, Potion Petition, Call
Merchant, Bribe Branch


You were on level 7 of the Dungeon.
You worshipped Gozag.
Gozag was aware of your devotion.
You visited 2 branches of the dungeon, and saw 8 of its levels.

You collected 1354 gold pieces.
You spent 273 gold pieces at shops.
You paid 683 gold pieces to Gozag.

Inventory:

Hand Weapons
 a - a +0 trident (weapon)
Missiles
 f - 11 boomerangs
 m - 38 poisoned darts (quivered)
Armour
 b - a +0 scale mail (worn)
 c - a +0 kite shield (worn)
 l - a +0 pair of gloves
 n - a +0 pair of boots (worn)
 q - a +0 pair of gloves of strength (worn)
 u - a scarf of invisibility (worn)
Jewellery
 g - a +6 ring of intelligence
 h - an amulet of guardian spirit
 o - a ring of fire
Wands
 w - a wand of acid (8)
Scrolls
 r - a scroll of fear {unknown}
 s - a scroll of magic mapping {unknown}
 t - a scroll of amnesia
Potions
 d - a potion of might
 e - 2 potions of attraction
 i - a potion of curing
 j - a potion of invisibility
 k - 2 potions of flight
 p - a potion of resistance
 v - a potion of lignification
 x - a potion of cancellation {unknown}
 z - a potion of degeneration {unknown}


   Skills:
 - Level 5.0 Fighting
 * Level 10.8 Polearms
 - Level 3.2 Armour
 - Level 3.6 Shields


You had 8 spell levels left.
You didn't know any spells.
Your spell library contained the following spells:

 Spells                   Type           Power      Damage    Failure   Level
 Corona                   Hex            0%         N/A       97%         1
 Magic Dart               Conj           0%         1d3       97%         1
 Call Imp                 Summ           0%         N/A       99%         2
 Ensorcelled Hibernation  Hex/Ice        0%         N/A       99%         2
 Slow                     Hex            0%         N/A       99%         2
 Confusing Touch          Hex            0%         N/A       100%        3
 Conjure Flame            Conj/Fire      0%         6-21      100%        3
 Dazzling Flash           Conj/Hex       0%         N/A       100%        3
 Mephitic Cloud           Conj/Pois/Air  0%         N/A       100%        3
 Tukima's Dance           Hex            0%         N/A       100%        3
 Blink                    Tloc           Unusable   N/A       N/A         2

Dungeon Overview and Level Annotations

Branches:
Dungeon (7/15)             Temple (1/1) D:4

Altars:
Ashenzari
Gozag
Kikubaaqudgha
Makhleb
Ru
Yredelemnul
Zin

Shops:
D:2 !   D:5 *


Innate Abilities, Weirdness & Mutations

You cannot be hasted, slowed, berserked, paralysed or teleported.
You can dig through walls and to a lower floor.
You have a pair of large antennae on your head. (SInv)
Your four strong arms can wield two-handed weapons with a shield.


Message History

The steam dragon claws you.
You hear a howl!
You are too injured to fight recklessly!
You are too injured to fight recklessly!
You are too injured to fight recklessly!
You are too injured to fight recklessly!
You are too injured to fight recklessly!
You are too injured to fight recklessly!
You are too injured to fight recklessly!
You are too injured to fight recklessly!
You are too injured to fight recklessly!
You are too injured to fight recklessly!
You closely miss the steam dragon.
The steam dragon is almost dead.
You are engulfed in a cloud of scalding steam.
The steam dragon bites you but does no damage.
The steam dragon claws you but does no damage.
The steam dragon bites you but does no damage.
The steam dragon claws you.
You puncture the steam dragon!
You kill the steam dragon!
You are engulfed in a cloud of scalding steam.
* * * LOW HITPOINT WARNING * * *
The steam dragon bites you but does no damage.
You block the steam dragon's attack.
You are engulfed in a cloud of scalding steam.
Things that are here:
7 gold pieces; a +0 dagger; 2 poisoned darts The steam dragon breathes steam at you.
The ball of steam hits you.
* * * LOW HITPOINT WARNING * * *
You hear a howl!
You extend your mandibles.
You dig through the rock wall.
A howler monkey comes into view.
The howler monkey howls!
The steam dragon breathes steam at you. The ball of steam hits you!
You die...
Your body crumbles into a pile of gold.

#. #.......... #. #.#
#.......... #.##.#
#.........[ #.##.#
#.......... #.##.#
#..........
#######.##.###..........
#.....#.##.#.#.#.....###
#.###.#.##..#.#D<....#
#.# #.#..#D###@#$....#
###.# #.#.#.......(....#
....###{.......Z##.#.###
.#####.##.#####.##.#.#
.######{#.....#h##.#.#
{+>..{{######.#.##.#.#
Z##.##.# #.##.# .K...#.#
#.#... ..#..#.# #.#.#.


You could see a steam dragon (catching breath), a howler monkey and a wyvern
zombie.

Vanquished Creatures
  2 steam dragons
  An orc warrior (D:6)
  2 sky beasts
  An ice beast (D:5)
  A necrophage (D:5)
  3 ogres
  A centaur (D:6)
  A kobold brigand (D:7)
  A bullfrog (D:6)
  A scorpion (D:4)
  An electric eel (D:6)
  A bullfrog zombie (D:5)
  A hound (D:6)
  2 jellies
  2 orc priests
  A centaur skeleton (D:4)
  A bullfrog skeleton (D:4)
  An orc wizard (D:5)
  A scorpion zombie (D:5)
  7 adders
  A white imp (D:6)
  4 dart slugs
  11 orcs
  8 endoplasms
  4 giant cockroaches
  7 goblins
  10 hobgoblins
  4 quokkas
  9 ball pythons
  5 bats (D:1)
  5 frilled lizards
  6 kobolds
  6 rats
112 creatures vanquished.

Notes
Turn   | Place    | Note
-------+----------+-------------------------------------------
     0 | D:1      | Delamore the Formicid Fighter began the quest for the Orb.
     0 | D:1      | Reached XP level 1. HP: 18/18 MP: 1/1
   168 | D:1      | Reached XP level 2. HP: 24/24 MP: 2/2
   270 | D:1      | Reached XP level 3. HP: 10/29 MP: 3/3
   491 | D:1      | Reached skill level 3 in Polearms
  1369 | D:2      | Found a faded altar of an unknown god.
  1407 | D:2      | Reached XP level 4. HP: 34/37 MP: 4/4
  1638 | D:2      | Found a glowing silver altar of Zin.
  1715 | D:2      | Found Osoowka's Distillery.
  1721 | D:2      | Bought a potion of curing for 30 gold pieces
  1833 | D:2      | Reached skill level 4 in Polearms
  2037 | D:3      | Found a sacrificial altar of Ru.
  2221 | D:3      | Reached XP level 5. HP: 42/42 MP: 5/5
  3182 | D:4      | Found a staircase to the Ecumenical Temple.
  3238 | Temple   | Entered the Ecumenical Temple
  3387 | Temple   | Became a worshipper of Gozag Ym Sagoz the Greedy
  3426 | D:4      | Reached XP level 6. HP: 49/49 MP: 6/6
  3487 | D:4      | Noticed an ogre
  3495 | D:4      | HP: 2/49 [ogre (23)]
  3500 | D:4      | Killed an ogre
  3501 | D:4      | Reached skill level 5 in Fighting
  3501 | D:4      | Reached skill level 5 in Polearms
  4446 | D:4      | Reached skill level 6 in Polearms
  4446 | D:4      | Reached XP level 7. HP: 41/56 MP: 7/7
  4841 | D:5      | Entered Level 5 of the Dungeon
  5073 | D:5      | Identified a scroll of acquirement
  5073 | D:5      | Acquired 680 gold pieces
  5076 | D:5      | Bought a murky black potion for 26 gold pieces
  5076 | D:5      | Bought a pair of runed gloves for 217 gold pieces
  5369 | D:5      | Reached skill level 7 in Polearms
  5836 | D:5      | Reached XP level 8. HP: 47/62 MP: 8/8
  5965 | D:5      | Reached skill level 8 in Polearms
  6689 | D:6      | Found a broken altar of Ashenzari.
  6696 | D:6      | Reached skill level 9 in Polearms
  7437 | D:7      | Reached skill level 10 in Polearms
  7437 | D:7      | Reached XP level 9. HP: 63/68 MP: 9/9
  7526 | D:7      | HP: 3/68 [wyvern zombie (8)]
  7973 | D:7      | Killed from afar by a steam dragon

Illustrated notes

Levels and vault maps discovered:
D:1:      kilobyte_arrival_exit_the_forest, layout_basic, st_stairs_13,
          minmay_small_reverse_x
D:2:      layout_basic, serial_shops, shop, basic_ecumenical_altar, basic_altar
D:3:      layout_basic, nicolae_ru_sacrificial_ziggurat
D:4:      layout_basic, temple_doors_e
D:5:      layout_basic, minmay_misc_feat_room
D:6:      layout_rooms, old_standard_altar, minivault_14
D:7:      layout_basic, marbit_many_paths, jmf_multi_god_temple2, minmay_bent
Temple:   nicolae_temple_figure_zero

Skill      XL: |  1  2  3  4  5  6  7  8 |
---------------+-------------------------+-----
Polearms       | 3 4 6 7 10 | 10.8
Fighting       | 4 5 |  5.0
Armour         | |  3.2
Shields        | |  3.6

Action                   |  1- 3 |  4- 6 |  7- 9 || total
-------------------------+-------+-------+-------++-------
Melee: Trident           |    96 |   170 |   202 ||   468
Throw: Boomerang         |       |     2 |     3 ||     5
       Dart              |       |       |     1 ||     1
Invok: Call Merchant     |       |       |     1 ||     1
 Abil: Dig               |     1 |       |     7 ||     8
  Use: Scroll            |       |     9 |     3 ||    12
       Potion            |       |       |     2 ||     2
Armor: Scale mail        |    27 |    54 |    58 ||   139
Dodge: Dodged            |    32 |    47 |    50 ||   129
Block: Kite shield       |    46 |    60 |    82 ||   188

Table legend: (Time is in decaauts)
 A = Elapsed time spent in this place.
 B = Non-inter-level travel time spent in this place.
 C = Inter-level travel time spent in this place.
 D = Time resting spent in this place.
 E = Time spent auto-exploring this place.
 F = Levels seen in this place.
 G = Mean time per level.
                   A        B        C        D        E       F      G
               +--------+--------+--------+--------+--------+-----+--------+
         Total |   8089 |   7863 |    226 |   2561 |   4250 |   8 | 1011.1 |
       Dungeon |   7928 |   7713 |    215 |   2561 |   4111 |   7 | 1132.6 |
        Temple |    161 |    150 |     11 |      0 |    139 |   1 |  161.0 |
               +--------+--------+--------+--------+--------+-----+--------+

Top non-repeatable levels by time:
     D:4: 1848 daAuts
     D:6: 1471 daAuts
     D:1: 1411 daAuts
     D:5: 1389 daAuts
     D:3: 982 daAuts
     D:2: 675 daAuts
  Temple: 161 daAuts
     D:7: 149 daAuts
